 Dungeon Crawl Stone Soup version 0.32-a0-898-g7811c86cf0 (webtiles) character file.

Game seed: 14092301203617304354

144 Biggs the Shooter (level 5, -2/38 HPs)
             Began as a Coglin Hunter on Apr 5, 2024.
             Slain by a sky beast (6 damage)
             ... on level 6 of the Dungeon.
             The game lasted 00:02:19 (1765 turns).

Biggs the Shooter (Coglin Hunter)                   Turns: 1765, Time: 00:02:19

Health: -2/38      AC:  3    Str: 12    XL:     5   Next: 26%
Magic:  5/5        EV: 11    Int:  8    God:
Gold:   150        SH:  0    Dex: 19    Spells: 4/4 levels left

rFire   . . .        a - +2 sling {Numeria}
rCold   . . .        d - +0 sling {Agam}
rNeg    . . .        c - +0 leather armour
rPois   .            (no helmet)
rElec   .            (no cloak)
rCorr   .            (no gloves)
SInv    .            (no boots)
Will    .....        (amulet unavailable)
Stlth   ++           (ring unavailable)
HPRegen 0.26/turn    (ring unavailable)
MPRegen 0.09/turn    (no gizmo)

%: no passive effects
@: revving
A: off-hand wielding, slow wielding, warmup strikes, no jewellery
a: Invent Gizmo


You were on level 6 of the Dungeon.
You visited 1 branch of the dungeon, and saw 4 of its levels.

You collected 150 gold pieces.

Inventory:

Hand Weapons
 a - a +2 sling (weapon) {Numeria}
 d - a +0 sling (offhand) {Agam}
Armour
 c - a +0 leather armour (worn)
Scrolls
 b - a scroll of butterflies
 e - a scroll of fog {unknown}
 g - a scroll of torment {unknown}
 h - a scroll of revelation {unknown}
 i - 3 scrolls of poison {unknown}
 j - 3 scrolls of identify {unknown}
 l - a scroll of enchant weapon {unknown}
 n - 2 scrolls of enchant armour {unknown}
 p - a scroll of vulnerability {unknown}
 q - a scroll of immolation {unknown}
 s - 2 scrolls of teleportation {unknown}
Potions
 f - 6 potions of curing {unknown}
 k - a potion of enlightenment {unknown}
 m - a potion of mutation {unknown}
 o - a potion of haste {unknown}
 r - a potion of invisibility {unknown}


   Skills:
 - Level 2.0 Fighting
 + Level 5.8 Ranged Weapons
 - Level 1.7 Dodging
 - Level 0.7 Stealth


You had 4 spell levels left.
You didn't know any spells.
Your spell library contained the following spells:

 Spells                   Type           Power      Damage    Failure   Level
 Ensorcelled Hibernation  Hex/Ice        0%         N/A       63%         2
 Fugue of the Fallen      Necr           0%         N/A       86%         3
 Anguish                  Hex/Necr       0%         N/A       99%         4


Dungeon Overview and Level Annotations

Branches:
Dungeon (3/15)

Altars:


Innate Abilities, Weirdness & Mutations

You can wield a second weapon in your off-hand.
It takes a long time for you to wield or remove held weapons.
Your first few attacks do less damage.
You cannot equip rings or amulets.


Message History

A sky beast is nearby!
Found a scroll labelled DASONE NEYHEE.
You open the door.
There is an open door here.
Key pressed, stopping explore.
A sky beast is nearby!
A sky beast is nearby!
A sky beast is nearby!
You shoot a sling bullet.
The sling bullet hits the sky beast but does no damage.
You shoot a sling bullet.
The sling bullet barely misses the sky beast.
Unknown command.
You shoot a sling bullet.
The sling bullet barely misses the sky beast.
You shoot a sling bullet. The sling bullet misses the sky beast.
Unknown command.
Unknown command.
You shoot a sling bullet.
The sling bullet closely misses the sky beast.
You shoot a sling bullet.
The sling bullet closely misses the sky beast.
The sky beast flickers out of sight!
Deactivating autopickup; reactivate with Ctrl-A.
Unknown command.
No target in view!
Unknown command.
No target in view!
Unknown command.
No target in view!
You shoot a sling bullet. x2; Something hits you.
Something shocks you.
You shoot a sling bullet. x2; Something hits you.
Something shocks you.
You shoot a sling bullet. x2; Something hits you but does no damage.
You shoot a sling bullet. x2; Something hits you.
Something shocks you.
You shoot a sling bullet. x2; Something hits you.
Something shocks you.
* * * LOW HITPOINT WARNING * * *
You shoot a sling bullet. x2; Something hits you.
* * * LOW HITPOINT WARNING * * *
Something shocks you.
You die...

...# #......... ...#
#......... ...#
####.........
...###########..'.........
...............##.........
...............#..........
#..............#.######.##
#.......######.#.###.# .#
#.......# ..#@....# ≈
........##.....{...#.#
...............?...+
###.#..............#
#................#
##...............#
......!....####..
..#...##....# ... ...##..#
....#


There were no monsters in sight!

Vanquished Creatures
  A howler monkey (D:3)
  A sleepcap (D:6)
  2 adders (D:2)
  A ribbon worm (D:2)
  4 dart slugs
  3 bats (D:2)
  2 endoplasms
  3 giant cockroaches
  9 goblins
  5 hobgoblins
  2 kobolds (D:2)
  4 quokkas
  4 ball pythons
  4 frilled lizards
  4 rats
49 creatures vanquished.

Notes
Turn   | Place    | Note
-------+----------+-------------------------------------------
     0 | D:1      | Biggs the Coglin Hunter began the quest for the Orb.
     0 | D:1      | Reached XP level 1. HP: 16/16 MP: 1/1
   119 | D:1      | Reached skill level 4 in Ranged Weapons
   119 | D:1      | Reached XP level 2. HP: 22/22 MP: 2/2
   639 | D:1      | Reached XP level 3. HP: 27/27 MP: 3/3
   870 | D:2      | Reached skill level 5 in Ranged Weapons
   889 | D:2      | Found a faded altar of an unknown god.
   966 | D:2      | Reached XP level 4. HP: 33/33 MP: 4/4
  1578 | D:3      | Reached XP level 5. HP: 38/38 MP: 5/5
  1604 | D:3      | You fall into a shaft and drop 3 floors!
  1711 | D:6      | Noticed a sky beast
  1765 | D:6      | Slain by a sky beast

Illustrated notes

Levels and vault maps discovered:
D:1:      elethiomel_arrival_shortcut, layout_loops_ring
D:2:      minmay_inner_zag, layout_basic, ebering_ecumenical_altar_rust,
          dreamdust_wishing_well
D:3:      layout_basic, chequers_serial_rivers_large_a, grunt_ministairs_12
D:6:      layout_basic, gammafunk_temple_overflow_forgotten,
          minmay_overflow_temple_star_quad, chequers_serial_rivers_micro_b,
          minmay_fire_ice_demons

Skill      XL: |  1  2  3 |
---------------+----------+-----
Ranged Weapons | 4 5 |  5.8
Fighting       | |  2.0
Dodging        | |  1.7
Stealth        | |  0.7

Action                     |  1- 3 |  4- 6 || total
---------------------------+-------+-------++-------
   Fire: Sling             |   154 |   100 ||   254
 Armour: Leather armour    |    14 |    20 ||    34
  Dodge: Dodged            |     9 |     7 ||    16

Table legend: (Time is in decaauts)
 A = Elapsed time spent in this place.
 B = Non-inter-level travel time spent in this place.
 C = Inter-level travel time spent in this place.
 D = Time resting spent in this place.
 E = Time spent auto-exploring this place.
 F = Levels seen in this place.
 G = Mean time per level.
                   A        B        C        D        E       F      G
               +--------+--------+--------+--------+--------+-----+--------+
         Total |   1792 |   1667 |    125 |      0 |   1390 |   4 |  448.0 |
       Dungeon |   1792 |   1667 |    125 |      0 |   1390 |   4 |  448.0 |
               +--------+--------+--------+--------+--------+-----+--------+

Top non-repeatable levels by time:
     D:1: 759 daAuts
     D:2: 737 daAuts
     D:6: 163 daAuts
     D:3: 132 daAuts
